[ AOE2 MATCH · #495970398 ]
UnrankedPersians vs Incas
Player's team · WIN
Rival team · LOSS
[ REPLAY ANALYSIS · EXTRACTED FROM THE RECORDED GAME ]
Feudal
8:28
Castle
21:34
Imperial
—
| APM avg | 51.4 |
| APM peak | 72 |
| eAPM avg | 19.6 |
| Villagers / military | 46 / 27 |
Focus
⚔️ 40.6% · 🌾 59.4%
Skirmisher ×12 · Knight ×10 · Scout Cavalry ×5
Feudal
9:16
Castle
21:28
Imperial
—
| APM avg | 84.9 |
| APM peak | 140 |
| eAPM avg | 30.0 |
| Villagers / military | 60 / 17 |
Focus
⚔️ 51.5% · 🌾 48.5%
Unknown (2550) ×33 · Archer ×12 · Spearman ×4 · Monk ×1
Match map
Initial resources + every placement click. Lines = walls · curves = elevation contours. ◆ gold · ⬟ stone · ● berries · ✦ relic · ◌ wall gap
Your base· Open — 1t gap
matt_993's base· Open — 7t gap
Smoothed initial terrain · ◌ = detected wall gap · hover for details
Inputs per minute
— nordap - - matt_993
Build order — nordap
First 150 of 155 actions detected
| 0:01 | Create | Villager (Male) |
| 0:01 | Create | Villager (Male) |
| 0:01 | Create | Villager (Male) |
| 0:02 | Create | Villager (Male) |
| 0:02 | Build | House |
| 0:03 | Create | Villager (Male) |
| 0:07 | Build | House |
| 1:36 | Create | Villager (Male) |
| 1:51 | Build | Lumber Camp |
| 1:57 | Create | Villager (Male) |
| 2:25 | Create | Villager (Male) |
| 2:50 | Create | Villager (Male) |
| 3:06 | Create | Villager (Male) |
| 3:46 | Build | House |
| 3:47 | Build | House |
| 3:55 | Create | Villager (Male) |
| 3:56 | Create | Villager (Male) |
| 4:29 | Create | Villager (Male) |
| 4:32 | Build | Mill |
| 4:49 | Create | Villager (Male) |
| 5:23 | Build | Palisade Wall |
| 5:24 | Build | Palisade Wall |
| 5:32 | Create | Villager (Male) |
| 5:49 | Research | Loom |
| 5:49 | Research | Loom |
| 6:19 | Build | Lumber Camp |
| 6:24 | Research | Feudal Age |
| 6:24 | Research | Feudal Age |
| 6:35 | Create | Villager (Male) |
| 7:30 | Build | Barracks |
| 8:01 | Create | Villager (Male) |
| 8:16 | Create | Villager (Male) |
| 8:28 | Age | Feudal Age |
| 8:30 | Build | Stable |
| 8:38 | Research | Double-Bit Axe |
| 8:39 | Research | Double-Bit Axe |
| 8:55 | Build | Palisade Wall |
| 9:03 | Build | House |
| 9:12 | Create | Scout Cavalry |
| 9:12 | Create | Scout Cavalry |
| 9:13 | Create | Villager (Male) |
| 9:37 | Create | Villager (Male) |
| 9:39 | Build | House |
| 10:00 | Build | Palisade Wall |
| 10:08 | Build | Palisade Wall |
| 10:10 | Build | Palisade Wall |
| 10:13 | Build | Palisade Wall |
| 10:19 | Build | Farm |
| 10:21 | Build | Farm |
| 10:24 | Create | Villager (Male) |
| 10:31 | Build | Farm |
| 10:32 | Research | Horse Collar |
| 10:35 | Create | Villager (Male) |
| 10:45 | Create | Scout Cavalry |
| 10:50 | Build | Farm |
| 11:08 | Build | Palisade Wall |
| 11:10 | Create | Villager (Male) |
| 11:17 | Build | Farm |
| 11:31 | Create | Villager (Male) |
| 11:33 | Build | Archery Range |
| 11:45 | Create | Villager (Male) |
| 11:57 | Build | Palisade Wall |
| 12:05 | Create | Villager (Male) |
| 12:13 | Build | Watch Tower |
| 12:16 | Create | Villager (Male) |
| 12:25 | Build | House |
| 12:33 | Build | Farm |
| 12:43 | Build | Palisade Wall |
| 12:46 | Build | Palisade Wall |
| 12:47 | Build | Palisade Wall |
| 12:50 | Create | Skirmisher |
| 12:50 | Create | Skirmisher |
| 12:56 | Create | Villager (Male) |
| 13:05 | Create | Skirmisher |
| 13:05 | Create | Skirmisher |
| 13:06 | Build | House |
| 13:08 | Create | Villager (Male) |
| 13:18 | Build | House |
| 13:37 | Build | Farm |
| 13:37 | Build | Farm |
| 13:42 | Create | Skirmisher |
| 13:45 | Create | Villager (Male) |
| 13:47 | Build | House |
| 14:06 | Build | Farm |
| 14:09 | Build | Farm |
| 14:10 | Create | Skirmisher |
| 14:11 | Create | Villager (Male) |
| 14:12 | Create | Scout Cavalry |
| 14:21 | Create | Villager (Male) |
| 14:24 | Create | Skirmisher |
| 14:34 | Build | Farm |
| 14:38 | Build | Blacksmith |
| 14:55 | Create | Villager (Male) |
| 15:01 | Create | Skirmisher |
| 15:02 | Create | Villager (Male) |
| 15:02 | Create | Skirmisher |
| 15:10 | Build | Farm |
| 15:11 | Build | Farm |
| 15:14 | Create | Villager (Male) |
| 15:16 | Build | Farm |
| 15:36 | Research | Fletching |
| 15:36 | Research | Fletching |
| 15:44 | Build | Farm |
| 15:44 | Create | Villager (Male) |
| 15:45 | Create | Villager (Male) |
| 15:46 | Build | House |
| 15:53 | Create | Villager (Male) |
| 16:03 | Create | Villager (Male) |
| 16:07 | Build | Mining Camp |
| 16:13 | Create | Skirmisher |
| 17:05 | Create | Villager (Male) |
| 17:22 | Create | Villager (Male) |
| 17:54 | Create | Villager (Male) |
| 17:55 | Create | Villager (Male) |
| 17:57 | Build | Market |
| 18:23 | Create | Scout Cavalry |
| 18:41 | Build | Mill |
| 18:50 | Build | Farm |
| 19:06 | Research | Bloodlines |
| 19:09 | Research | Castle Age |
| 19:18 | Research | Bloodlines |
| 19:26 | Build | House |
| 19:53 | Build | Stable |
| 20:05 | Research | Gold Mining |
| 20:07 | Research | Wheelbarrow |
| 20:13 | Build | House |
| 20:14 | Build | House |
| 20:15 | Build | House |
| 20:16 | Build | House |
| 20:25 | Build | House |
| 20:27 | Create | Skirmisher |
| 20:28 | Create | Skirmisher |
| 20:46 | Research | Scale Barding Armor |
| 21:00 | Build | Farm |
| 21:03 | Build | Farm |
| 21:10 | Research | Forging |
| 21:34 | Age | Castle Age |
| 21:36 | Create | Knight |
| 21:36 | Create | Knight |
| 21:40 | Research | Bow Saw |
| 21:41 | Create | Villager (Male) |
| 21:49 | Create | Knight |
| 21:50 | Create | Knight |
| 22:07 | Build | Town Center |
| 22:22 | Create | Knight |
| 22:35 | Build | Farm |
| 22:50 | Create | Knight |
| 22:58 | Create | Villager (Male) |
| 23:11 | Create | Knight |
| 23:14 | Research | Husbandry |
Build order — matt_993
First 150 of 183 actions detected
| 0:01 | Research | Loom |
| 0:01 | Research | Loom |
| 0:02 | Build | House |
| 0:03 | Build | House |
| 0:05 | Create | Villager (Male) |
| 0:05 | Create | Villager (Male) |
| 0:09 | Create | Villager (Male) |
| 0:09 | Create | Villager (Male) |
| 1:32 | Create | Villager (Male) |
| 2:16 | Create | Villager (Male) |
| 2:20 | Build | Settlement |
| 2:44 | Create | Villager (Male) |
| 3:16 | Create | Villager (Male) |
| 3:17 | Create | Villager (Male) |
| 4:03 | Create | Villager (Male) |
| 4:04 | Create | Villager (Male) |
| 4:18 | Create | Villager (Male) |
| 4:18 | Create | Villager (Male) |
| 4:42 | Create | Villager (Male) |
| 5:02 | Create | Villager (Male) |
| 5:02 | Create | Villager (Male) |
| 5:13 | Create | Villager (Male) |
| 5:15 | Create | Villager (Male) |
| 5:15 | Create | Villager (Male) |
| 5:39 | Create | Villager (Male) |
| 6:01 | Build | Barracks |
| 6:05 | Create | Villager (Male) |
| 7:00 | Research | Feudal Age |
| 7:01 | Research | Feudal Age |
| 7:18 | Create | Unit 2550 |
| 7:18 | Create | Unit 2550 |
| 7:31 | Build | Settlement |
| 7:50 | Create | Villager (Male) |
| 8:39 | Build | Outpost |
| 9:16 | Age | Feudal Age |
| 9:16 | Research | Tech 1402 |
| 9:17 | Research | Tech 1402 |
| 9:18 | Research | Double-Bit Axe |
| 9:27 | Create | Spearman |
| 9:31 | Build | Archery Range |
| 9:38 | Create | Villager (Male) |
| 9:55 | Create | Villager (Male) |
| 10:15 | Build | Farm |
| 10:16 | Build | Farm |
| 10:18 | Build | Farm |
| 10:28 | Create | Villager (Male) |
| 10:35 | Create | Archer |
| 10:35 | Create | Archer |
| 10:36 | Create | Spearman |
| 10:40 | Create | Villager (Male) |
| 10:48 | Build | House |
| 10:49 | Build | House |
| 10:55 | Build | Palisade Wall |
| 11:04 | Build | Farm |
| 11:05 | Create | Villager (Male) |
| 11:35 | Create | Villager (Male) |
| 11:38 | Build | Blacksmith |
| 11:50 | Create | Archer |
| 11:50 | Create | Archer |
| 12:05 | Create | Spearman |
| 12:10 | Create | Villager (Male) |
| 12:12 | Build | Farm |
| 13:13 | Create | Villager (Male) |
| 13:13 | Create | Villager (Male) |
| 13:14 | Create | Villager (Male) |
| 13:14 | Create | Villager (Male) |
| 13:16 | Create | Archer |
| 13:16 | Create | Archer |
| 13:18 | Build | Farm |
| 13:19 | Create | Villager (Male) |
| 13:40 | Create | Villager (Male) |
| 13:43 | Create | Villager (Male) |
| 13:54 | Create | Villager (Male) |
| 13:58 | Research | Fletching |
| 13:58 | Create | Villager (Male) |
| 14:03 | Build | Farm |
| 14:05 | Create | Villager (Male) |
| 14:13 | Build | Settlement |
| 14:14 | Create | Villager (Male) |
| 14:22 | Create | Spearman |
| 14:30 | Create | Unit 2550 |
| 14:43 | Build | Farm |
| 14:44 | Build | Farm |
| 15:04 | Create | Villager (Male) |
| 15:04 | Create | Villager (Male) |
| 15:09 | Create | Unit 2550 |
| 15:09 | Create | Unit 2550 |
| 15:11 | Create | Villager (Male) |
| 15:14 | Build | Farm |
| 15:17 | Build | Farm |
| 15:32 | Research | Scale Mail Armor |
| 15:36 | Create | Unit 2550 |
| 15:38 | Create | Archer |
| 15:39 | Create | Archer |
| 15:39 | Create | Archer |
| 15:44 | Build | Farm |
| 15:46 | Build | Farm |
| 15:51 | Build | Farm |
| 15:54 | Create | Archer |
| 16:05 | Build | Farm |
| 16:07 | Build | Farm |
| 16:10 | Build | Farm |
| 16:14 | Create | Villager (Male) |
| 16:20 | Build | Farm |
| 17:00 | Create | Archer |
| 17:00 | Create | Archer |
| 17:18 | Create | Villager (Male) |
| 17:19 | Create | Villager (Male) |
| 17:36 | Create | Villager (Male) |
| 17:37 | Create | Villager (Male) |
| 17:39 | Build | Market |
| 17:59 | Create | Villager (Male) |
| 18:00 | Create | Villager (Male) |
| 18:06 | Build | Watch Tower |
| 18:14 | Build | Barracks |
| 18:48 | Research | Castle Age |
| 18:59 | Build | Farm |
| 19:00 | Build | Farm |
| 19:02 | Build | Farm |
| 19:09 | Build | Farm |
| 19:15 | Build | Farm |
| 19:23 | Research | Horse Collar |
| 19:27 | Create | Unit 2550 |
| 19:28 | Create | Unit 2550 |
| 19:28 | Create | Unit 2550 |
| 19:28 | Create | Unit 2550 |
| 19:58 | Create | Unit 2550 |
| 19:58 | Create | Unit 2550 |
| 19:58 | Create | Unit 2550 |
| 19:59 | Create | Unit 2550 |
| 20:03 | Research | Forging |
| 20:03 | Research | Forging |
| 20:12 | Create | Unit 2550 |
| 20:16 | Build | Farm |
| 20:22 | Build | Farm |
| 20:28 | Build | Farm |
| 20:36 | Create | Unit 2550 |
| 20:37 | Create | Unit 2550 |
| 20:37 | Create | Unit 2550 |
| 20:37 | Create | Unit 2550 |
| 20:37 | Create | Unit 2550 |
| 21:01 | Create | Unit 2550 |
| 21:02 | Create | Unit 2550 |
| 21:02 | Create | Unit 2550 |
| 21:02 | Create | Unit 2550 |
| 21:28 | Create | Unit 2550 |
| 21:28 | Age | Castle Age |
| 21:29 | Create | Villager (Male) |
| 21:31 | Research | Tech 1351 |
| 21:32 | Research | Squires |
Match timeline
| 5:23 | nordap · wall_segment Palisade Wall x1 |
| 5:24 | nordap · wall_segment Palisade Wall x1 |
| 6:01 | matt_993 · first_building Barracks |
| 7:30 | nordap · first_building Barracks |
| 8:28 | nordap · age_up feudal |
| 8:30 | nordap · first_building Stable |
| 8:55 | nordap · wall_segment Palisade Wall x1 |
| 9:16 | matt_993 · age_up feudal |
| 9:31 | matt_993 · first_building Archery Range |
| 10:00 | nordap · wall_segment Palisade Wall x1 |
| 10:08 | nordap · wall_segment Palisade Wall x1 |
| 10:10 | nordap · wall_segment Palisade Wall x1 |
| 10:13 | nordap · wall_segment Palisade Wall x1 |
| 10:55 | matt_993 · wall_segment Palisade Wall x1 |
| 11:08 | nordap · wall_segment Palisade Wall x1 |
| 11:33 | nordap · first_building Archery Range |
| 11:57 | nordap · wall_segment Palisade Wall x1 |
| 12:43 | nordap · wall_segment Palisade Wall x1 |
| 12:46 | nordap · wall_segment Palisade Wall x1 |
| 12:47 | nordap · wall_segment Palisade Wall x1 |
| 19:05 | nordap · first_market_sell 100 food |
| 21:28 | matt_993 · age_up castle |
| 21:34 | nordap · age_up castle |
| 22:04 | nordap · first_market_buy 100 stone |
| 22:34 | matt_993 · first_building Monastery |
| 22:53 | matt_993 · wall_segment Palisade Wall x1 |
| 22:54 | matt_993 · wall_segment Palisade Wall x1 |
| 22:57 | matt_993 · wall_segment Palisade Wall x4 |
| 23:25 | matt_993 · wall_segment Palisade Wall x1 |
| 23:28 | matt_993 · wall_segment Palisade Wall x1 |
| 23:28 | matt_993 · wall_segment Palisade Wall x1 |
| 23:44 | matt_993 · wall_segment Palisade Wall x1 |
| 23:45 | matt_993 · wall_segment Palisade Wall x1 |
| 23:46 | matt_993 · wall_segment Palisade Wall x1 |
| 23:49 | matt_993 · wall_segment Palisade Wall x1 |
| 23:50 | matt_993 · wall_segment Palisade Wall x1 |
| 24:14 | matt_993 · resign |
[ AI ANALYSIS · 1 CREDIT ]
What really happened in this match?
Wolo.gg analyzes every decision: build order, eco, micro, common mistakes by bracket. Personalized analysis on WhatsApp or Discord in 30 seconds.
Civ guide
Persians
Perfil
nordap